 Dungeon Crawl Stone Soup version 0.19-a0-458-gfd99d95 (webtiles) character file.

3227 Kenran the Basher (level 9, -2/73 (74) HPs)
             Began as a Demonspawn Gladiator on June 1, 2016.
             Killed from afar by a gargoyle (17 damage)
             ... with a stone arrow
             ... on level 8 of the Dungeon on June 2, 2016.
             The game lasted 00:26:12 (7609 turns).

Kenran the Basher (Demonspawn Gladiator)            Turns: 7609, Time: 00:26:13

HP:   -2/73 (74)    AC: 12    Str: 22    XL:     9   Next: 66%
MP:   9/9           EV:  8    Int:  9    God:
Gold: 340           SH:  0    Dex: 16    Spells: 0 memorised, 8 levels left

rFire  . . .     SeeInvis .     G - +3 mace
rCold  . . .     Gourm    .     A - +0 plate armour
rNeg   . . .     Faith    .     (no shield)
rPois  .         Spirit   .     c - +0 helmet
rElec  .         Dismiss  .     (no cloak)
rCorr  .         Reflect  .     i - +0 pair of gloves
SustAt +         Harm     .     (no boots)
MR     .....                    k - amulet of regeneration
Stlth  ..........               j - +5 ring of evasion
                                t - ring of sustain attributes

@: mighty, not resistant to hostile enchantments, extremely unstealthy
A: talons 2, demonic guardian 1, powered by pain 2
a: no special abilities


You were on level 8 of the Dungeon.
You were not hungry.

You visited 2 branches of the dungeon, and saw 10 of its levels.

You collected 340 gold pieces.

Inventory:

Hand Weapons
 G - a +3 mace (weapon)
Missiles
 d - 3 throwing nets (quivered)
Armour
 c - a +0 helmet (worn)
 e - the +7 large shield of Knowledge {rElec Int+9}
   (You found it on level 5 of the Dungeon)

   It affects your intelligence (+9).
   It insulates you from electricity.
 i - a +0 pair of gloves (worn)
 A - a +0 plate armour (worn)
Jewellery
 j - a +5 ring of evasion (right hand)
 k - an amulet of regeneration (around neck)
 t - a ring of sustain attributes (left hand)
Wands
 n - a wand of polymorph (17/24)
 w - a wand of iceblast (9/15)
 x - a wand of flame (18/48)
 D - a wand of digging (14/24)
Scrolls
 b - 3 scrolls of fog
 m - 4 scrolls of blinking
 q - 2 scrolls of recharging
 r - a scroll of remove curse {@r2}
 u - 2 scrolls of magic mapping
 v - 3 scrolls of fear
 y - 2 scrolls of teleportation {@r4}
 B - a scroll of enchant weapon
 C - a scroll of amnesia
Potions
 g - a potion of magic
 h - 3 potions of curing {@q1}
 o - a potion of resistance {unknown}
 p - a potion of brilliance {unknown}
 s - a potion of heal wounds {unknown}
 E - a potion of mutation {unknown}
Comestibles
 a - a slice of pizza {@e2}
 f - 4 bread rations {@e1}
 l - 3 meat rations {@e1}
 z - 2 chunks of flesh


   Skills:
 - Level 8.0 Fighting
 - Level 10.0 Maces & Flails
 - Level 1.7 Throwing
 + Level 4.5 Dodging


You had 8 spell levels left.
You didn't know any spells.

Dungeon Overview and Level Annotations

Branches:
Dungeon (9/15)             Temple (1/1) D:6            Lair (0/8) D:8
    Orc: D:9-12

Altars:
Ashenzari
Cheibriados
Dithmenos
Gozag
Hepliaklqana
Makhleb
Nemelex Xobeh
Okawaru
Pakellas
Trog
Uskayaw
Vehumet
Xom
Yredelemnul
Zin
The Shining One

Annotations:
D:8 Gastronok


Innate Abilities, Weirdness & Mutations

You have razor-sharp toenails.
A weak demonic guardian rushes to your aid.
You sometimes gain power by taking damage.


Message History

Level annotation: Gastronok Your quasit disappears in a puff of smoke!
There is a stone staircase leading down here.
Your white imp hits the gargoyle.
Your white imp freezes the gargoyle.
Your quasit bites the gargoyle but does no damage.
Your quasit claws the gargoyle but does no damage. x2
The gargoyle hurls a stone arrow at you.
The stone arrow hits you!
Gastronok waves his eye-stalks in wide circles.
The air twists around and strikes you!
* * * LOW HITPOINT WARNING * * *
You focus on the pain.
You feel very mighty all of a sudden.
Your white imp hits the gargoyle but does no damage.
Your quasit bites the gargoyle but does no damage.
Your quasit barely misses the gargoyle.
Your quasit claws the gargoyle but does no damage.
The gargoyle hurls a stone arrow at you.
The stone arrow hits you!
You die...

.......# .......#
.......# .......#
.####### .########
.##.....# ########
###.....# #...(..#
# #.....###.....@#
###......##...5..#
....#.##..#..59..#
###...###........#
# #..######......#
# ##.###..w......#
####.....##......#
#.......###......#
.....#.## ########


You could see Gastronok, a gargoyle, a friendly quasit and a friendly white imp.

Vanquished Creatures
  A water moccasin (D:7)
  A sky beast (D:8)
  An ice beast (D:6)
  3 orc warriors
  A phantom (D:4)
  A black bear (D:7)
  An eye of draining (D:8)
  2 centaurs
  2 ogres (D:7)
  A big kobold (D:8)
  A giant frog (D:3)
  4 scorpions (D:7)
  7 wights
  5 crimson imps
  A centaur zombie (D:7)
  A jelly (D:5)
  2 gnoll shamans (D:5)
  An orc priest (D:5)
  2 giant frog skeletons
  4 hounds
  6 orc wizards
  An iguana (D:4)
  4 worker ants
  A hound skeleton (D:4)
  2 worker ant zombies
  4 gnolls (D:6)
  11 adders
  A shadow imp (D:5)
  4 worms
  2 dart slugs
  3 giant geckos
  15 orcs
  5 giant cockroaches
  6 goblins
  4 hobgoblins
  13 jackals
  8 kobolds
  2 quokkas (D:4)
  A ball python (D:1)
  9 bats
  4 giant newts
  3 quokka skeletons
  A quokka zombie (D:6)
  9 rats
161 creatures vanquished.

Vanquished Creatures (collateral kills)
  A hippogriff (D:7)
  2 ice beasts
  2 ogres (D:6)
  A necrophage (D:7)
  A jelly (D:6)
  A hound (D:6)
  An orc priest (D:6)
  An iguana (D:8)
  A giant frog skeleton (D:6)
  A giant gecko (D:7)
  3 orcs (D:6)
  A giant newt (D:6)
16 creatures vanquished.

Grand Total: 177 creatures vanquished

Notes
Turn   | Place    | Note
--------------------------------------------------------------
     0 | D:1      | Kenran the Demonspawn Gladiator began the quest for the Orb.
     0 | D:1      | Reached XP level 1. HP: 16/16 MP: 1/1
   122 | D:1      | Reached skill level 3 in Maces & Flails
   357 | D:1      | Gained mutation: You have sharp toenails. [demonic ancestry]
   357 | D:1      | Reached XP level 2. HP: 22/22 MP: 2/2
   563 | D:1      | Upgraded the game from 0.19-a0-442-g8935a21 to 0.19-a0-458-gfd99d95
  1131 | D:1      | Gained mutation: You sometimes gain a little power by taking damage. [demonic ancestry]
  1131 | D:1      | Reached XP level 3. HP: 27/27 MP: 3/3
  1322 | D:2      | Found a bloodstained altar of Trog.
  1322 | D:2      | Found a shattered altar of Ashenzari.
  1439 | D:2      | Reached skill level 4 in Maces & Flails
  2105 | D:3      | Reached XP level 4. HP: 33/33 MP: 4/4
  2178 | D:3      | Noticed an ice beast
  2216 | D:3      | Noticed a giant frog
  2227 | D:3      | Killed a giant frog
  2227 | D:3      | Reached skill level 5 in Maces & Flails
  2227 | D:3      | Gained mutation: You sometimes gain power by taking damage. [demonic ancestry]
  2227 | D:3      | Reached XP level 5. HP: 24/38 MP: 5/5
  2710 | D:4      | Reached skill level 6 in Maces & Flails
  2764 | D:4      | Reached XP level 6. HP: 33/46 MP: 6/6
  3163 | D:4      | Found a sparkling altar of Nemelex Xobeh.
  3164 | D:4      | Found an opulent altar of Gozag.
  3325 | D:5      | Entered Level 5 of the Dungeon
  3420 | D:5      | Gained mutation: A weak demonic guardian rushes to your aid. [demonic ancestry]
  3420 | D:5      | Reached XP level 7. HP: 54/54 MP: 7/7
  3738 | D:5      | Got a steaming large shield
  4036 | D:5      | Reached skill level 7 in Maces & Flails
  4354 | D:6      | Reached skill level 8 in Maces & Flails
  4417 | D:6      | Found a staircase to the Ecumenical Temple.
  4434 | Temple   | Entered the Ecumenical Temple
  4697 | D:6      | Reached XP level 8. HP: 60/61 MP: 8/8
  4764 | D:6      | Reached skill level 5 in Fighting
  5431 | D:5      | Identified the +7 large shield of Knowledge {rElec Int+9} (You found it on level 5 of the Dungeon)
  5932 | D:7      | Reached skill level 9 in Maces & Flails
  6463 | D:7      | Gained mutation: You have razor-sharp toenails. [demonic ancestry]
  6463 | D:7      | Reached XP level 9. HP: 65/69 MP: 9/9
  6577 | D:7      | Reached skill level 10 in Maces & Flails
  7114 | D:8      | Found a staircase to the Lair.
  7365 | D:8      | Found a radiant altar of Vehumet.
  7580 | D:8      | Noticed Gastronok
  7586 | D:8      | Noticed a gargoyle
  7609 | D:8      | Killed from afar by a gargoyle

Vault maps used:
D:1:      dpeg_arrival_arbitrary_b, grunt_decor_mini_mirrors
D:2:      nicolae_overflow_hidden_temple, uniq_jessica
D:3:      first_bread
D:4:      grunt_temple_overflow_opulence, grunt_decor_cap
D:6:      minmay_temple_entry_statues
D:7:      minivault_23
D:8:      lemuel_coloured_pillars_altar, lair_0_dummy, serial_glass,
          glass_columns_a, glass_columns_c, uniq_gastronok
D:9:      minitemple, uniq_erolcha, uniq_erica
Temple:   triangle_lava_temple_11

Skill      XL: |  1  2  3  4  5  6  7  8  9 |
---------------+----------------------------+-----
Maces & Flails | 3 4 5 6 8 9 10 | 10.0
Fighting       | 4 6 8 |  8.0
Dodging        | 4 |  4.5
Throwing       | |  1.7

Action                   |  1- 3 |  4- 6 |  7- 9 || total
-------------------------+-------+-------+-------++-------
Melee: Flail             |   143 |   164 |   393 ||   700
       Kick              |    28 |    39 |   148 ||   215
       Mace              |       |       |    63 ||    63
  Use: Scroll            |       |     9 |     4 ||    13
       Potion            |       |       |     1 ||     1
 Stab: Sleeping          |     1 |       |       ||     1
       Distracted        |       |       |     4 ||     4
  Eat: Chunk             |     4 |     4 |    10 ||    18
       Beef jerky        |       |       |     1 ||     1
       Bread ration      |       |       |     1 ||     1
Armor: Leather armour    |    55 |       |       ||    55
       Scale mail        |     3 |    65 |     1 ||    69
       Chain mail        |       |       |    57 ||    57
       Plate armour      |       |       |   161 ||   161
Dodge: Dodged            |   123 |    96 |   234 ||   453
